 Dungeon Crawl Stone Soup version 0.28-a0-1147-gc7b72d3202 (webtiles) character file.

Game seed: 10787626266372918799

91 ChaosChampion the Skirmisher (level 4, -3/35 HPs)
             Began as a Demonspawn Abyssal Knight on Dec 14, 2021.
             Was a Believer of Lugonu.
             Killed from afar by an orc wizard (4 damage)
             ... with a puff of flame
             ... on level 3 of the Dungeon.
             The game lasted 00:02:02 (2670 turns).

ChaosChampion the Skirmisher (DsAK)                 Turns: 2670, Time: 00:02:02

Health: -3/35      AC:  5    Str: 15    XL:     4   Next: 34%
Magic:  6/6        EV: 11    Int: 12    God:    Lugonu [**....]
Gold:   81         SH:  0    Dex: 13    Spells: 3/3 levels left

rFire   . . .      SeeInvis .   a - +1 hand axe
rCold   . . .      Faith    .   (no shield)
rNeg    . . .      Spirit   .   b - +0 leather armour
rPois   .          Reflect  .   i - +1 helmet
rElec   .          Harm     .   (no cloak)
rCorr   .          Rampage  .   (no gloves)
Will    .....                   (no boots)
Stlth   +.........              (no amulet)
HPRegen 0.11/turn               (no ring)
MPRegen 0.10/turn               (no ring)

@: no status effects
A: spiny 1
a: Renounce Religion, Depart the Abyss, Bend Space


You were on level 3 of the Dungeon.
You worshipped Lugonu.
Lugonu was pleased with you.
You visited 1 branch of the dungeon, and saw 3 of its levels.
You visited the Abyss 1 time.

You collected 81 gold pieces.

Inventory:

Hand Weapons
 a - a +1 hand axe (weapon)
Armour
 b - a +0 leather armour (worn)
 i - a +1 helmet (worn)
 j - a +0 hat
Jewellery
 l - a ring of resist corrosion
Scrolls
 e - 4 scrolls of identify {unknown}
 g - 2 scrolls of magic mapping {unknown}
 h - a scroll of teleportation {unknown}
Potions
 c - a potion of brilliance {unknown}
 d - 3 potions of heal wounds {unknown}
 f - a potion of might {unknown}
 k - a potion of flight {unknown}
 m - a potion of curing {unknown}


   Skills:
 + Level 3.5 Fighting
 + Level 2.4 Axes
 + Level 2.4 Armour
 + Level 1.7 Dodging
 + Level 3.4 Invocations


You had 3 spell levels left.
You didn't know any spells.
Your spell library was empty.

Dungeon Overview and Level Annotations

Branches:
Dungeon (3/15)

Altars:

Shops:
D:2 (


Innate Abilities, Weirdness & Mutations

You are partially covered in sharp spines.


Message History

You kill the orc wizard!
Lugonu accepts your kill.
You hit something. You hit the orc but do no damage.
The orc hits you with a +0 short sword.
* * * LOW HITPOINT WARNING * * *
Something hits you.
* * * LOW HITPOINT WARNING * * *
The orc misses you.
You have reached level 4!
You feel clever.
You closely miss the orc.
The orc is heavily wounded.
You closely miss something. Something hits you but does no damage.
The orc closely misses you.
You hit the orc but do no damage.
The orc is heavily wounded.
You hit something.
You hear some strange, mumbled words.
A magic dart appears from out of thin air!
The magic dart hits you.
* * * LOW HITPOINT WARNING * * *
The orc is struck by your spines. The orc hits you with a +0 short sword.
* * * LOW HITPOINT WARNING * * *
You hit the orc but do no damage.
The orc is almost dead.
You barely miss something. Something hits you.
* * * LOW HITPOINT WARNING * * *
The orc is struck by your spines.
You kill the orc!
Lugonu accepts your kill.
You see here a book of Dangerous Friends.
A magic dart appears from out of thin air!
The magic dart hits you.
* * * LOW HITPOINT WARNING * * *
You see here a +0 short sword.
Things that are here:
a +0 dagger; a goblin corpse A puff of flame appears from out of thin air!
The puff of flame hits you.
You die...

#.# #..)....# $ #..
#...)...# #. #..##
#.:.....#
..##...####.....##
....#....).........
#.....{.........# #
#....)...##...###
#. #....###.# ..$..
###.#########...@#
#........#
.................#
####..#...
#.......###....#
.#.. #.......#
#....# # ####.####
##...# #.# #...#
#.#### ###..#
#....## ##...
##.....## ..#


There were no monsters in sight!

Vanquished Creatures
  An orc wizard (D:3)
  An adder (D:2)
  3 dart slugs
  2 orcs (D:3)
  9 ball pythons
  5 endoplasms
  A giant cockroach (D:1)
  2 goblins
  4 hobgoblins
  2 quokkas
  5 bats
  2 frilled lizards
  7 kobolds
  4 rats
48 creatures vanquished.

Notes
Turn   | Place    | Note
-------+----------+-------------------------------------------
     0 | Abyss:1  | ChaosChampion the Demonspawn Abyssal Knight began the quest
                  | for the Orb.
     0 | Abyss:1  | Reached XP level 1. HP: 18/18 MP: 2/2
     4 | D:1      | Escaped the Abyss
   274 | D:1      | Reached skill level 1 in Dodging
   461 | D:1      | Gained mutation: You are partially covered in sharp spines.
                  | [demonic ancestry]
   461 | D:1      | Reached XP level 2. HP: 24/24 MP: 4/4
   615 | D:1      | Found a faded altar of an unknown god.
   975 | D:1      | Reached XP level 3. HP: 21/29 MP: 5/5
  1554 | D:2      | Reached ** piety under Lugonu
  1644 | D:2      | Found Rumn's Weapon Shop.
  2661 | D:3      | Reached XP level 4. HP: 9/35 MP: 6/6
  2666 | D:3      | HP: 1/35 [something/magic dart (6)]
  2670 | D:3      | Killed from afar by an orc wizard

Illustrated notes

Levels and vault maps discovered:
D:1:      lordsloth_arrival_two_stooges, layout_basic, basic_ecumenical_altar
D:2:      layout_basic, serial_co_window_serial, co_window_paths_a,
          co_window_of_opportunity_a, co_window_paths_a, co_window_corner_a,
          co_window_paths_b, co_window_unsneaky_path_b, co_window_corner_cb,
          co_window_cross_3, co_window_of_opportunity_c, co_window_paths_d,
          co_window_sun, glass_columns_b, glass_columns_a, serial_shops,
          nicolae_shop_stone
D:3:      layout_rooms, eat_drink_and_be_merry_uskayaw, minmay_misc_feat_room,
          minmay_pentangle

Skill      XL: |  1  2 |
---------------+-------+-----
Dodging        | 1 |  1.7
Axes           | 2 |  2.4
Armour         | 2 |  2.4
Invocations    | 3 |  3.4
Fighting       | |  3.5

Action                   |  1- 3 |  4- 6 || total
-------------------------+-------+-------++-------
Melee: Hand axe          |    99 |     3 ||   102
 Stab: Sleeping          |     2 |       ||     2
Armor: Leather armour    |    35 |     1 ||    36
Dodge: Dodged            |    44 |     1 ||    45

Table legend: (Time is in decaauts)
 A = Elapsed time spent in this place.
 B = Non-inter-level travel time spent in this place.
 C = Inter-level travel time spent in this place.
 D = Time resting spent in this place.
 E = Time spent auto-exploring this place.
 F = Levels seen in this place.
 G = Mean time per level.
                   A        B        C        D        E       F      G
               +--------+--------+--------+--------+--------+-----+--------+
         Total |   2689 |   2636 |     53 |      0 |   2319 |   4 |  672.2 |
       Dungeon |   2685 |   2632 |     53 |      0 |   2319 |   3 |  895.0 |
         Abyss |      4 |      4 |      0 |      0 |      0 |   1 |    4.0 |
               +--------+--------+--------+--------+--------+-----+--------+

Top non-repeatable levels by time:
     D:2: 1362 daAuts
     D:1: 1278 daAuts
     D:3: 44 daAuts
 Abyss:1: 4 daAuts
